AoeStats
← Coyunto90

Migration

509375212Analyzed
1v1 RM · 5d ago on Sep 26, 2026· 26m 12s· 2 players
Game mode
Random Map
Map size
132×132
Population
200
Speed
Normal
Resources
Standard
Victory
Conquest
Starting age
Dark Age
Ending age
Imperial Age
RankedLock teamsTeams togetherTeam positionsShared explorationLock speedFull tech treeHidden civsTurbo modeCheats
Victory
Defeat
🇨🇳 Vikings · China
1154
+15
🇪🇸 Inca · Spain
1141
-15
Coyunto90
12:40 Feudal Age
14:17 Fishing Lines
16:50 Forging
20:45 Castle Age
18:32 Loom
18:54 Double-Bit Axe
21:21 Scale Mail Armor
21:38 Bow Saw
21:18 Champi Runner
22:46 Champi Warrior
24:01 Squires
25:51 Horse Collar
水果湖一杯倒
7:45 Loom
12:44 Feudal Age
13:19 Fishing Lines
13:48 Double-Bit Axe
14:41 Gold Mining
18:13 Forging
17:56 Fletching
19:42 Stone Mining
23:59 Castle Age
21:45 Town Watch
25:04 Gillnets
25:26 Medium Warships
Connection lost

Rejoining the realm…

Still unreachable

The connection could not be restored.

Session expired

The server has moved on; the page needs a fresh start.